 Dungeon Crawl Stone Soup version 0.29-a0-559-g359e09b9d1 (webtiles) character file.

Game seed: 9247893127452742780

35 dolemite99 the Cudgeller (level 3, -2/31 HPs)
             Began as a Meteoran Chaos Knight on June 9, 2022.
             Was a Plaything of Xom.
             Slain by a hobgoblin (3 damage)
             ... led by Robin
             ... on level 2 of the Dungeon.
             The game lasted 00:01:27 (601 turns).

dolemite99 the Cudgeller (Meteoran Chaos Knight)     Turns: 601, Time: 00:01:27

Health: -2/31      AC:  6    Str: 12 (15) XL:     3   Next: 79%
Magic:  4/4        EV: 11    Int: 12 (13) God:    Xom [..*...]
Gold:   60         SH:  0    Dex: 12 (14) Spells: 2/2 levels left

rFire   . . .      SeeInvis .   a - +0 mace (chaos)
rCold   . . .      Faith    .   (no shield)
rNeg    . . .      Spirit   .   b - +2 leather armour
rPois   .          Reflect  .   (no helmet)
rElec   .          Harm     .   j - +0 cloak
rCorr   .          Rampage  .   (no gloves)
Will    .....                   (no boots)
Stlth   +.........              (no amulet)
HPRegen 0.10/turn               (no ring)
MPRegen 0.09/turn               (no ring)

@: glowing
A: sense surroundings 1, otherworldly, glowing, explore regen
a: Renounce Religion


You were on level 2 of the Dungeon.
You worshipped Xom.
You were a toy of Xom.
You visited 1 branch of the dungeon, and saw 2 of its levels.

You collected 60 gold pieces.

Inventory:

Hand Weapons
 a - a +0 mace of chaos (weapon)
 g - a +3 hunting sling
 h - a +1 vorpal hand axe
Missiles
 e - a throwing net
 i - 15 stones
Armour
 b - a +2 leather armour (worn)
 j - a +0 cloak (worn)
Scrolls
 d - 4 scrolls of identify {unknown}
 f - a scroll of poison {unknown}
Miscellaneous
 c - a piece from Xom's chessboard (inert) (quivered)


   Skills:
 - Level 3.2 Fighting
 + Level 5.8 Maces & Flails
 - Level 2.4 Armour
 - Level 1.2 Dodging


You had 2 spell levels left.
You didn't know any spells.
Your spell library was empty.

Dungeon Overview and Level Annotations

Branches:
Dungeon (2/15)

Altars:
Xom

Shops:
D:2 [?(

Annotations:
D:2 Robin


Innate Abilities, Weirdness & Mutations

You passively map a small area around you.
You are easily found by Zot.
You glow in the dark.
You regain HP and MP as you explore.


Message History

You hit the hobgoblin but do no damage.
Robin says, "Bow before me, strongest of all the hobgoblins!"
The goblin hits you but does no damage.
The hobgoblin hits you but does no damage.
A goblin comes into view. It is wielding a +0 dagger.
The hobgoblin closely misses you.
You closely miss the hobgoblin. Robin hits you with a +0 mace.
The hobgoblin hits you.
* * * LOW HITPOINT WARNING * * *
The goblin misses you.
The hobgoblin hits you but does no damage.
It was a potion of degeneration.
There was something very wrong with that liquid.
You feel weakened.
You feel dopey.
You feel clumsy.
Xom thinks this is hilarious!
Robin hits you with a +0 mace.
* * * LOW HITPOINT WARNING * * *
The goblin hits you but does no damage. The hobgoblin hits you.
* * * LOW HITPOINT WARNING * * *
The hobgoblin completely misses you.
You hit Robin but do no damage.
Robin suddenly stops moving!
The hobgoblin hits you but does no damage.
The goblin hits you but does no damage. The hobgoblin hits you.
* * * LOW HITPOINT WARNING * * *
The helpless Robin fails to defend themself.
You hit Robin but do no damage.
Robin suddenly seems more agile.
The hobgoblin hits you but does no damage.
The goblin closely misses you.
A goblin comes into view. It is wielding a +0 dagger.
The hobgoblin closely misses you.
The helpless Robin fails to defend themself.
You hit Robin.
Robin resists with some effort.
Robin is lightly wounded.
The goblin shouts!
You hear a shout!
A goblin comes into view. It is wielding a +0 club.
The hobgoblin barely misses you. The goblin hits you with a +0 dagger.
* * * LOW HITPOINT WARNING * * *
A goblin comes into view. It is wielding a +0 club.
The hobgoblin hits you.
You die...

#.......#####........
#....................
,* .#
##........###⌠.⌠......
, ...#.........#
#.∩.......
#...........#
#⌠.⌠......
#.........####........
#....g........########
#g.gggg§.####..#
#g....##@g.## ##...#
..##. ###..# ##.# * *#
+∩#.....# *...* *
###.....# #.. ,
,.g.....# ... *
.......... * ,,.. *
########.# * , , , *


You could see Robin (agile, paralysed), 2 hobgoblins and 5 goblins.

Vanquished Creatures
  A dart slug (D:1)
  3 ball pythons (D:1)
  3 bats (D:1)
  2 endoplasms (D:1)
  A giant cockroach (D:1)
  3 goblins
  6 jackals (D:1)
  A quokka (D:1)
  A frilled lizard (D:1)
  4 kobolds
  5 rats
30 creatures vanquished.

Notes
Turn   | Place    | Note
-------+----------+-------------------------------------------
     0 | D:1      | dolemite99 the Meteoran Chaos Knight began the quest for
                  | the Orb.
     0 | D:1      | Reached XP level 1. HP: 19/19 MP: 2/2
    37 | D:1      | XOM: potion effect (heal wounds)
    44 | D:1      | Reached XP level 2. HP: 14/26 MP: 3/3
    59 | D:1      | Reached skill level 5 in Maces & Flails
   164 | D:1      | Reached XP level 3. HP: 24/31 MP: 4/4
   374 | D:1      | XOM: scenery: create altars
   491 | D:1      | Glimpsed the power of Zot.
   568 | D:2      | Found Moenag's Antique Weapon Shop.
   578 | D:2      | Found Syfejeut's Armour Emporium.
   580 | D:2      | Found Tugush's Magic Scroll Boutique.
   587 | D:2      | Noticed Robin
   593 | D:2      | XOM: smoke on damage
   601 | D:2      | HP: 1/31 [goblin/+0 dagger[Robin] (1)]
   601 | D:2      | Slain by a hobgoblin

Illustrated notes

Levels and vault maps discovered:
D:1:      amcnicky_arrival_choice, layout_basic, minivault_26,
          minmay_misc_feat_diagonals
D:2:      layout_rooms, serial_shops, nicolae_shop_window_shopping,
          nicolae_shop_hallway_stairs, shop, shop_fountains, shop,
          shapermc_ecumenical_altar_rom_forum, uniq_robin

Skill      XL: |  1  2 |
---------------+-------+-----
Maces & Flails | 5 |  5.8
Fighting       | |  3.2
Armour         | |  2.4
Dodging        | |  1.2

Action                   || total
-------------------------++-------
Melee: Mace              ||    70
Evoke: Piece from Xom's  ||    16
  Use: Potion            ||     1
 Stab: Paralysed         ||     4
       Petrifying        ||     1
Armor: Leather armour    ||    68
Dodge: Dodged            ||    69

Table legend: (Time is in decaauts)
 A = Elapsed time spent in this place.
 B = Non-inter-level travel time spent in this place.
 C = Inter-level travel time spent in this place.
 D = Time resting spent in this place.
 E = Time spent auto-exploring this place.
 F = Levels seen in this place.
 G = Mean time per level.
                   A        B        C        D        E       F      G
               +--------+--------+--------+--------+--------+-----+--------+
         Total |    610 |    565 |     45 |      0 |    320 |   2 |  305.0 |
       Dungeon |    610 |    565 |     45 |      0 |    320 |   2 |  305.0 |
               +--------+--------+--------+--------+--------+-----+--------+

Top non-repeatable levels by time:
     D:1: 534 daAuts
     D:2: 76 daAuts
